 Dungeon Crawl Stone Soup version 0.30.1-9-gdf580d7c3d (webtiles) character file.

Game seed: 15405470149623024009

1549 Ivernyr the Shield-Bearer (level 9, -9/66 (69) HPs)
             Began as a Formicid Fighter on Oct 15, 2023.
             Mangled by a wight
             ... wielding a +3 great sword
              (14 damage)
             ... on level 6 of the Dungeon.
             The game lasted 00:07:22 (4478 turns).

Ivernyr the Shield-Bearer (Formicid Fighter)        Turns: 4478, Time: 00:07:23

HP:   -9/66 (69)    AC:  9    Str: 26    XL:     9   Next: 12%
MP:   9/9           EV:  9    Int:  7    God:
Gold: 199           SH:  6    Dex: 13    Spells: 8/8 levels left

rFire   . . .        n - +11 long sword "Zezetani" {venom, rCorr}
rCold   . . .        c - +0 buckler
rNeg    . . .        b - +0 scale mail
rPois   .            (helmet unavailable)
rElec   .            (no cloak)
rCorr   +            (no gloves)
SInv    +            t - +1 pair of boots
Will    .....        (no amulet) Stlth
                     (no ring)
HPRegen 0.31/turn    (no ring)
MPRegen 0.11/turn

%: no passive effects
@: lightly drained
A: permanent stasis, dig shafts and tunnels, antennae 3, four strong arms
a: Dig, Shaft Self


You were on level 6 of the Dungeon.
You visited 1 branch of the dungeon, and saw 6 of its levels.

You collected 199 gold pieces.

Inventory:

Hand Weapons
 a - a +0 quarterstaff
 n - the +11 long sword "Zezetani" (weapon) {venom, rCorr}
   (You found it on level 3 of the Dungeon)

   rCorr:     It protects you from acid and corrosion.
Armour
 b - a +0 scale mail (worn)
 c - a +0 buckler (worn)
 t - a +1 pair of boots (worn)
Jewellery
 m - an amulet of guardian spirit
 v - a +4 ring of protection
 w - a ring of fire
Wands
 s - a wand of flame (18)
Scrolls
 e - 2 scrolls of teleportation {unknown}
 f - a scroll of magic mapping {unknown}
 j - 3 scrolls of identify {unknown}
 k - 2 scrolls of fear {unknown}
 o - 2 scrolls of enchant weapon {unknown}
 p - 2 scrolls of vulnerability {unknown}
Potions
 d - a potion of resistance {unknown}
 g - 2 potions of brilliance {unknown}
 h - 3 potions of heal wounds {unknown}
 i - a potion of berserk rage {unknown}
 l - 2 potions of attraction {unknown}
 q - 2 potions of mutation {unknown}
 r - 2 potions of might
 u - a potion of lignification {unknown}


   Skills:
 + Level 6.2 Fighting
 * Level 7.1 Staves
 + Level 6.2 Armour
 + Level 7.3 Shields


You had 8 spell levels left.
You didn't know any spells.
Your spell library contained the following spells:

 Spells                   Type           Power      Damage    Failure   Level
 Passage of Golubria      Tloc           0%         N/A       100%        4
 Silence                  Hex/Air        0%         N/A       100%        5
 Lehudib's Crystal Spear  Conj/Erth      0%         10d2      100%        8


Dungeon Overview and Level Annotations

Branches:
Dungeon (6/15)
 Temple: D:4-7

Altars:
Ashenzari
Dithmenos
Elyvilon
Gozag
Okawaru
Vehumet

Shops:
D:1 :   D:4 [   D:5 =*


Innate Abilities, Weirdness & Mutations

You cannot be hasted, slowed, berserked, paralysed or teleported.
You can dig through walls and to a lower floor.
You have a pair of large antennae on your head. (SInv)
Your four strong arms can wield two-handed weapons with a shield.


Message History

The wight is moderately damaged.
The wight hits you with a +0 flail.
You feel drained. The wight hits you with a +2 hand axe.
You feel drained.
You slice the wight!!
You destroy the wight!
A wight comes into view. It is wielding a +2 flail.
The wight closely misses you. The wight hits you with a +2 hand axe.
A wight comes into view. It is wielding a +3 great sword.
Your life force feels restored.
You closely miss the wight.
The wight is moderately damaged.
The wight hits you with a +2 hand axe. The wight hits you with a +2 flail.
You barely miss the wight.
The wight is moderately damaged.
The wight hits you with a +2 hand axe.
You feel drained. The wight barely misses you.
The wight attacks as you move away! You block the wight's attack. x2
The wight hits you with a +2 hand axe. The wight attacks as you move away!
You block the wight's attack.
You see here a +0 dagger.
There is a stone staircase leading down here.
You hit the wight.
The wight is moderately damaged.
You hit the wight.
The wight is heavily damaged.
The wight hits you with a +2 hand axe.
You hit the wight.
The wight is severely damaged.
The wight hits you with a +2 hand axe. You block the wight's attack.
You slash the wight!
You destroy the wight!
Your life force feels restored.
You slash the wight!
The wight is almost destroyed.
The wight hits you with a +3 great sword!
* * * LOW HITPOINT WARNING * * *
You feel drained.
* * * LOW HITPOINT WARNING * * *
The wight hits you with a +3 great sword!
You die...

#........######.# ..
#............##.# ...
##...............# ...
..........#####.## ..
.......(..#
#.####.#..#
......##### #.#..)...#
......# #.z.##.###
......# ##z## #
......##########@#
...............#.#
......########.#..
#####.......<..####
#......#.###
#......#.#####..
#......#....##.#
#......####.##.#######
#......# #.##.#.....#
{


You could see 2 wights.

Vanquished Creatures
  Sigmund (D:2)
  An ice beast (D:6)
  2 black bears
  An orc warrior (D:5)
  A centaur (D:5)
  2 phantoms
  Blork the orc (D:4)
  A bullfrog (D:6)
  3 scorpions
  2 wights (D:6)
  A hound (D:4)
  3 orc priests
  A sleepcap (D:4)
  2 orc wizards (D:5)
  A gnoll (D:1)
  8 adders
  A white imp (D:6)
  An ufetubus (D:5)
  2 worms (D:2)
  2 dart slugs
  19 orcs
  8 bats
  5 endoplasms
  A giant cockroach (D:4)
  4 goblins
  3 hobgoblins
  6 jackals
  4 quokkas
  6 ball pythons
  5 frilled lizards
  2 kobolds (D:1)
  4 rats
104 creatures vanquished.

Notes
Turn   | Place    | Note
-------+----------+-------------------------------------------
     0 | D:1      | Ivernyr the Formicid Fighter began the quest for the Orb.
     0 | D:1      | Reached XP level 1. HP: 18/18 MP: 1/1
   147 | D:1      | Found Tiffonn's Book Shop.
   165 | D:1      | Reached XP level 2. HP: 24/24 MP: 2/2
   276 | D:1      | Reached XP level 3. HP: 20/29 MP: 3/3
   320 | D:1      | Found a faded altar of an unknown god.
   643 | D:2      | Noticed Sigmund
   655 | D:2      | Killed Sigmund
   656 | D:2      | Reached skill level 5 in Shields
   656 | D:2      | Reached XP level 4. HP: 28/37 MP: 4/4
   656 | D:2      | Reached XP level 5. HP: 32/42 MP: 5/5
   656 | D:2      | Reached XP level 6. HP: 36/48 MP: 6/6
  1392 | D:3      | Found a shadowy altar of Dithmenos.
  1408 | D:3      | Identified the +11 long sword "Zezetani" {venom, rCorr}
  2065 | D:3      | Found a white marble altar of Elyvilon.
  2505 | D:4      | Reached XP level 7. HP: 52/55 MP: 7/7
  2514 | D:4      | Found Luumijup's Antique Armour Shop.
  2567 | D:4      | Reached skill level 5 in Staves
  2578 | D:4      | Reached skill level 5 in Fighting
  2578 | D:4      | Reached skill level 5 in Armour
  2745 | D:4      | Found a radiant altar of Vehumet.
  2746 | D:4      | Found a broken altar of Ashenzari.
  2770 | D:4      | Noticed Blork the orc
  2775 | D:4      | Killed Blork the orc
  3240 | D:5      | Entered Level 5 of the Dungeon
  3265 | D:5      | Reached XP level 8. HP: 21/62 MP: 8/8
  3605 | D:5      | Found Horyte's Jewellery Shoppe.
  3873 | D:5      | Found Gozag's Platinum Reserve.
  3876 | D:5      | Found an opulent altar of Gozag.
  4071 | D:5      | Found an iron altar of Okawaru.
  4386 | D:6      | Reached XP level 9. HP: 67/69 MP: 9/9
  4478 | D:6      | Mangled by a wight

Illustrated notes

Levels and vault maps discovered:
D:1:      dpeg_arrival_arbitrary_a, layout_rooms, serial_shops, shop,
          shapermc_ecumenical_altar_acropolis
D:2:      layout_loops_corners, uniq_sigmund
D:3:      kennysheep_big_flooded_room, layout_loops_cross,
          mainiacjoe_overflow_paths, elyvilon_altar_1, kennysheep_cross_room
D:4:      layout_loops_cross, mainiacjoe_overflow_divided_tiny, serial_shops,
          shop, uniq_blork_the_orc
D:5:      layout_gridville, nicolae_gozag_zags_fifth_avenue,
          okawaru_metal_pillars_3, serial_shops, shop_fountains
D:6:      layout_basic, zin_academy, minmay_temple_entry_enclosed_plants

Skill      XL: |  1  2  3  4  5  6  7  8 |
---------------+-------------------------+-----
Fighting       | 4 5 6 |  6.2
Staves         | 3 4 5 7 |  7.1
Armour         | 4 5 6 |  6.2
Shields        | 5 6 7 |  7.3

Action                     |  1- 3 |  4- 6 |  7- 9 || total
---------------------------+-------+-------+-------++-------
  Melee: Quarterstaff      |    73 |    22 |       ||    95
         Long sword        |       |    79 |    98 ||   177
    Use: Potion            |     1 |       |       ||     1
 Armour: Scale mail        |    42 |    42 |    49 ||   133
  Dodge: Dodged            |    52 |    50 |    52 ||   154
  Block: Buckler           |    23 |    30 |    36 ||    89
